 Dungeon Crawl Stone Soup version 0.22-b1-26-g9dbaab1 (webtiles) character file.

0 glosham the Skirmisher (level 1, 0/14 HPs)
             Began as a Tengu Abyssal Knight on Aug 8, 2018.
             Was a Follower of Lugonu.
             Slain by a starspawn tentacle (2 damage)
             ... attached to a tentacled starspawn
             ... on level 1 of the Abyss.
             The game lasted 00:01:12 (80 turns).

glosham the Skirmisher (Tengu Abyssal Knight)         Turns: 80, Time: 00:01:13

Health: 0/14       AC:  3    Str: 12    XL:     1   Next: 0%
Magic:  3/3        EV:  8    Int: 12    God:    Lugonu [*.....]
Gold:   0          SH:  0    Dex: 13    Spells: 0/0 levels left

rFire    . . .     SeeInvis .   a - +1 spear
rCold    . . .     Gourm    .   (no shield)
rNeg     . . .     Faith    .   b - +0 leather armour
rPois    .         Spirit   .   (helmet restricted)
rElec    .         Reflect  .   (no cloak)
rCorr    .         Harm     .   (no gloves)
MR       .....                  (boots unavailable)
Stlth    +.........             (no amulet)
HPRegen  0.04/turn              (no ring)
MPRegen  0.08/turn              (no ring)

@: constricted
A: beak, talons 3
a: Depart the Abyss, Renounce Religion


You were on level 1 of the Abyss.
You worshipped Lugonu.
Lugonu was aware of your devotion.
You were not hungry.

You visited 0 branches of the dungeon, and saw 0 of its levels.
You visited the Abyss 1 time.

Inventory:

Hand Weapons
 a - a +1 spear (weapon)
Armour
 b - a +0 leather armour (worn)
Potions
 c - a potion of magic {unknown}
Comestibles
 e - a ration


   Skills:
 * Level 3.0 Fighting
 - Level 2.1 Polearms
 - Level 2.1 Armour
 - Level 1.1 Dodging
 - Level 1.5 Invocations


You couldn't memorise any spells.
You didn't know any spells.
Your spell library was empty.

Dungeon Overview and Level Annotations

Branches:
Dungeon (0/15)

Altars:


Innate Abilities, Weirdness & Mutations

You have a beak for a mouth.
You have claws for feet.


Message History

e - a ration Welcome, glosham the Tengu Abyssal Knight.
It is said that the Orb of Zot exists deep within this dungeon.
Lugonu says: Depart the Abyss and spread corruption, my servant! (use the ability menu to exit the Abyss) Press ? for a list of commands and other information.
Found a corrupted altar of Lugonu.
Found a gateway leading out of the Abyss.
There is a gateway leading out of the Abyss here.
Found a murky amethyst potion.
You see here a murky amethyst potion.
c - a murky amethyst potion A smoke demon comes into view.
The smoke demon roars!
The smoke demon gestures at you. The ball of steam hits you!
Ouch! That really hurt!
A ynoxinul comes into view.
The ynoxinul bellows!
A tentacled starspawn comes into view.
Unknown command.
The ynoxinul gestures.
An apocalypse crab comes into view.
A tentacle flies out from the starspawn's body!
A starspawn tentacle comes into view.
A starspawn tentacle comes into view.
The starspawn tentacle grabs you.
* * * LOW HITPOINT WARNING * * *
The starspawn tentacle constricts you.
You escape the starspawn tentacle's grasp.
A tentacle flies out from the starspawn's body!
The starspawn tentacle grabs you.
You die...

## . .# ###
#.#.. # ..#
#....#.#...
......#.#.##
#......#..## ##
#.....#... #.#
#...@#.## ...#
##...w─.##..
####.#..\#.#
..t...w.\.##..
..######X..>....
#...#│#/.#.##
##.<#V5#...#
#...─...##..
...#........#..#


You could see a tentacled starspawn, an apocalypse crab, 2 starspawn tentacles
and an ufetubus.

Vanquished Creatures (others)
  A starspawn tentacle (Abyss:1)
1 creature vanquished.

Notes
Turn   | Place    | Note
-------+----------+-------------------------------------------
     0 | Abyss:1  | glosham the Tengu Abyssal Knight began the quest for the Orb.
     0 | Abyss:1  | Reached XP level 1. HP: 14/14 MP: 3/3
    59 | Abyss:1  | Noticed a smoke demon
    66 | Abyss:1  | Noticed a ynoxinul
    71 | Abyss:1  | Noticed a tentacled starspawn
    77 | Abyss:1  | Noticed an apocalypse crab
    80 | Abyss:1  | Slain by a starspawn tentacle

Table legend:
 A = Turns spent in this place as a percentage of turns spent in the entire game.
 B = Non-inter-level travel turns spent in this place as a percentage of non-inter-level travel turns spent in the entire game.
 C = Inter-level travel turns spent in this place as a percentage of turns spent in this place.
 D = Turns resting spent in this place as a percentage of non-inter-level travel turns spent in this place.
 E = Turns spent auto-exploring this place as a percentage of non-inter-level travel turns spent in this place.
 F = Non-inter-level travel turns spent in this place divided by the number of levels of this place that you've seen.
                   A       B       C       D       E      F
               +-------+-------+-------+-------+-------+----------------------
         Total | 100.0 | 100.0 |   0.0 |   0.0 |   0.0 |  80.0
         Abyss | 100.0 | 100.0 |   0.0 |   0.0 |   0.0 |  80.0
               +-------+-------+-------+-------+-------+----------------------

Vault maps used:
